Map: Bridgehead LE (Void)

Players

TexasFlood

  • Race: Terran Terran
  • League: Grandmaster

Starsfox - Winner!

  • Race: Protoss Protoss
  • League: Grandmaster

VOD

Have the link to the VOD?

Description

Time

  • Played on: July 24, 2015, 5:13 a.m.
  • Length: 14:17
Show
View Real Time Build Order
Export as new Build Order

TexasFlood Terran 

Build Orders: 1/1/1, Siege Tank Drop 

Get SALT Encoding   

  12  0:01  SCV  
  13  0:13  SCV  
  14  0:18  Supply Depot  
  14  0:25  SCV  
  15  0:29  Refinery  
  15  0:40  SCV  
  16  0:48  Barracks  
  16  0:52  SCV  
  17  0:58  Refinery  
  17  1:04  SCV  
  17  1:10  Supply Depot  
  18  1:16  SCV  
  19  1:28  SCV  
  20  1:38  Marine  
  21  1:40  SCV  
  21  1:41  Factory  
  22  1:52  SCV  
  23  2:04  Barracks Tech Lab  
  23  2:05  Orbital Command  
  23  2:28  Starport  
  23  2:31  SCV  
  23  2:34  Siege Tank  
  23  2:35  Barracks Reactor  
  27  2:43  SCV  
  28  2:46  Engineering Bay  
  28  2:55  SCV  
  29  3:02  Supply Depot  
  29  3:06  Medivac  
  31  3:22  Command Center  
  31  3:23  Supply Depot  
  31  3:24  Marine  
  32  3:30  Missile Turret  
  32  3:32  SCV  
  33  3:35  Marine  
  34  3:51  SCV  
  34  3:54  Factory Reactor  
  35  3:57  Barracks  
  35  4:00  Barracks  
  35  4:03  SCV  
  35  4:07  Supply Depot  
  36  4:28  Marine x2  
  36  4:30  SCV  
  39  4:37  Widow Mine x2  
  43  4:40  Banshee  
  46  4:51  Marine x2  
  48  4:53  SCV  
  49  5:04  Barracks Tech Lab  
  49  5:06  Barracks Reactor  
  49  5:07  SCV  
  49  5:09  Orbital Command  
  49  5:13  Refinery  
  50  5:18  Marine x2  
  50  5:19  Widow Mine  
  50  5:21  SCV  
  55  5:30  Supply Depot  
  55  5:33  Marauder  
  57  5:36  Marine  
  57  5:37  Missile Turret  
  57  5:40  Marine  
  57  5:41  SCV x2  
  61  5:45  Medivac  
  63  5:53  SCV x2  
  63  5:55  Marauder  
  67  5:58  Supply Depot  
  67  6:03  Command Center  
  66  6:18  Marine  
  66  6:19  Marauder, Widow Mine x2, Marine  
  66  6:20  Medivac  
  66  6:22  SCV x2  
  78  6:41  Marauder, Marine x2  
  78  6:43  SCV x2  
  84  6:50  Medivac  
  86  7:11  Barracks  
  86  7:13  Supply Depot x2, Barracks  
  86  7:14  Supply Depot, Marine x4  
  86  7:15  SCV x2, Marauder  
  94  7:32  Marine  
  94  7:36  Marauder  
  95  7:54  Marine  
  95  7:56  Medivac  
  95  7:58  Marauder  
  83  8:11  SCV x2  
  81  8:14  Orbital Command  
  81  8:17  Missile Turret  
  81  8:19  Marauder  
  81  8:21  Supply Depot  
  81  8:22  Marine x2  
  81  8:23  Stimpack  
  81  8:24  Terran Infantry Weapons Level 1  
  81  8:26  Armory, Medivac  
  83  8:28  SCV x2  
  85  8:39  Missile Turret  
  85  8:40  Marauder  
  87  8:48  Marine x4  
  89  8:49  Widow Mine x2  
  89  8:52  SCV x3  
  98  8:56  Medivac  
  98  9:02  Marauder  
  102  9:06  Cloaking Field  
  102  9:09  Marine x3  
  105  9:17  Marine x3  
  105  9:23  Marauder  
  111  9:24  SCV x2  
  111  9:26  Medivac  
  111  9:27  Marine  
  115  9:38  Orbital Command  
  111  9:40  Marine x2  
  111  9:44  Marine  
  111  9:45  Marauder  
  116  9:52  Engineering Bay  
  116  9:55  Barracks Reactor  
  116  9:56  Medivac  
  116  9:57  Missile Turret  
  116  9:59  Factory  
  118  10:06  Marauder  
  120  10:07  Starport  
  120  10:08  SCV x3  
  120  10:13  Refinery  
  123  10:15  Armory  
  123  10:17  Liberator  
  123  10:20  SCV  
  124  10:27  Marauder, Refinery, Marine x2  
  131  10:36  SCV x2  
  131  10:41  Refinery  
  133  10:50  Terran Infantry Armor Level 1, Terran Infantry Weapons Level 2  
  133  10:57  Starport Tech Lab  
  133  11:00  Factory Tech Lab  
  133  11:06  Barracks  
  133  11:07  SCV, Barracks, Marine  
  133  11:22  SCV, Marine x2  
  133  11:27  SCV x2, Marauder, Marine  
  133  11:28  Supply Depot x2  
  133  11:32  Liberator x2  
  138  11:35  Supply Depot x2  
  138  11:36  Supply Depot  
  138  11:37  Marine x3  
  138  11:38  Supply Depot  
  141  11:50  Siege Tank, Marauder  
  141  11:53  Supply Depot  
  152  11:56  Supply Depot  
  152  12:03  Marine x2  
  140  12:11  Marauder  
  140  12:13  Marine  
  140  12:14  Marine x3  
  94  12:29  Marine x2  
  67  12:30  Marine  
  67  12:33  Marauder  
  67  12:49  SCV x2  
  67  12:50  Viking  
  72  12:53  Marine x2  
  72  12:54  Marauder, Marine  
  73  13:01  SCV x2  
  73  13:04  Marine  
  70  13:13  SCV  
  70  13:14  SCV  
  70  13:15  Marauder  
  65  13:23  Siege Tank  
  67  13:33  SCV  
  65  13:37  Marauder  
  65  13:52  Marine x2  
  65  13:57  Marine  
Show
View Real Time Build Order
Export as new Build Order

Starsfox Protoss - Winner!

Build Orders: 1 Gate Expand 

Get SALT Encoding   

  12  0:01  Probe  
  13  0:13  Probe  
  14  0:22  Pylon  
  14  0:40  Probe (Chrono Boost)  
  15  0:47  Gateway  
  16  0:50  Probe (Chrono Boost)  
  16  0:57  Probe  
  17  1:14  Probe (Chrono Boost)  
  17  1:17  Nexus  
  19  1:25  Probe (Chrono Boost)  
  19  1:34  Assimilator  
  19  1:36  Assimilator  
  19  1:39  Cybernetics Core  
  19  1:46  Probe (Chrono Boost)  
  20  1:56  Probe (Chrono Boost)  
  21  2:07  Probe  
  22  2:13  Pylon  
  22  2:18  Warp Gate (Chrono Boost)  
  22  2:25  Pylon  
  22  2:28  Probe  
  23  2:33  Adept  
  25  2:50  Probe (Chrono Boost)  
  26  3:00  Probe (Chrono Boost), Adept  
  26  3:04  Gateway  
  29  3:06  Gateway, Robotics Facility  
  29  3:15  Robotics Facility  
  29  3:17  Probe (Chrono Boost)  
  31  3:25  Probe (Chrono Boost)  
  31  3:26  Probe (Chrono Boost)  
  32  3:31  Probe  
  32  3:34  Probe, Adept  
  34  3:37  Pylon  
  36  4:09  Stalker x2  
  40  4:15  Pylon  
  43  4:31  Immortal  
  43  4:37  Probe (Chrono Boost)  
  44  4:47  Probe (Chrono Boost)  
  44  4:51  Gateway  
  44  4:53  Gateway  
  44  4:54  Probe (Chrono Boost)  
  44  4:55  Gateway  
  45  5:06  Probe (Chrono Boost)  
  46  5:10  Robotics Bay, Warp Prism (Chrono Boost)  
  49  5:14  Probe (Chrono Boost)  
  51  5:23  Probe (Chrono Boost)  
  51  5:25  Mothership Core (Chrono Boost)  
  51  5:27  Assimilator  
  52  5:29  Assimilator  
  52  5:34  Probe (Chrono Boost)  
  53  5:40  Probe (Chrono Boost)  
  54  5:52  Stalker  
  54  5:53  Stalker x2  
  57  6:18  Probe (Chrono Boost)  
  50  6:27  Probe (Chrono Boost)  
  50  6:30  Forge  
  45  6:41  Zealot x4  
  45  6:42  Zealot x2  
  56  6:54  Probe (Chrono Boost)  
  57  7:04  Probe (Chrono Boost)  
  58  7:08  Photon Cannon  
  58  7:11  Stalker, Probe  
  58  7:12  Stalker x2  
  65  7:25  Probe (Chrono Boost)  
  66  7:30  Extended Thermal Lance  
  66  7:35  Probe (Chrono Boost)  
  67  7:42  Probe  
  63  7:44  Observer  
  55  7:54  Probe  
  54  8:12  Zealot x6  
  66  8:23  Probe (Chrono Boost)  
  67  8:33  Probe (Chrono Boost)  
  68  8:34  Photon Cannon  
  68  8:36  Photon Cannon  
  68  8:40  Pylon  
  68  8:45  Pylon  
  68  8:55  Pylon  
  68  8:57  Pylon  
  68  8:58  Probe (Chrono Boost)  
  68  9:02  Colossus (Chrono Boost)  
  75  9:10  Probe (Chrono Boost)  
  75  9:14  Probe (Chrono Boost)  
  75  9:16  Probe (Chrono Boost)  
  77  9:22  Probe  
  78  9:27  Probe  
  79  9:34  Probe  
  79  9:35  Protoss Ground Weapons Level 1 (Chrono Boost)  
  80  9:39  Probe  
  81  9:48  Colossus  
  85  10:23  Sentry x3  
  91  10:37  Pylon  
  91  10:38  Probe (Chrono Boost)  
  92  10:43  Pylon  
  92  10:50  Pylon  
  92  10:53  Pylon  
  92  10:55  Probe  
  93  10:58  Sentry x3  
  99  11:18  Stalker x3  
  105  11:45  Zealot x2  
  105  11:46  Zealot x3  
  115  11:47  Zealot  
  103  12:08  Pylon  
  91  12:22  Stalker x4  
  97  12:24  Stalker x2  
  93  12:48  Stalker  
  93  12:49  Stalker x5  
  105  12:56  Colossus  
Tags
 
Add a new tag
Caveats
  • Supply blocks, unpowered buildings, or Contaminate may cause inaccurate times.
  • Supply counts are checked every 10 seconds.